 Dungeon Crawl Stone Soup version 0.22-a0-278-g8f80174 (webtiles) character file.

400 puppykicker the Shooter (level 6, 0/51 HPs)
             Began as a Minotaur Arcane Marksman on Mar 15, 2018.
             Slain by Edmund
             ... wielding a +2 dire flail of protection
              (4 damage)
             ... while paralysed
             ... on level 4 of the Dungeon.
             The game lasted 00:14:04 (4163 turns).

puppykicker the Shooter (Minotaur Arcane Marksman)  Turns: 4163, Time: 00:14:05

Health: 0/51       AC: 10    Str: 15    XL:     6   Next: 54%
Magic:  3/6        EV:  2    Int: 17    God:
Gold:   149        SH:  0    Dex: 10    Spells: 1/7 levels left

rFire    . . .     SeeInvis .   a - +0 hand axe
rCold    . . .     Gourm    .   (no shield)
rNeg     . . .     Faith    .   r - +0 leather armour
rPois    .         Spirit   .   (helmet restricted)
rElec    .         Reflect  .   t - +0 cloak
rCorr    .         Harm     .   e - +0 pair of gloves
MR       .....                  (no boots)
Stlth    +.........             (no amulet)
HPRegen  0.17/turn              n - +5 ring of intelligence
MPRegen  0.10/turn              u - +5 ring of protection

@: paralysed, berserk cooldown, slowed
A: retaliatory headbutt, horns 2
a: no special abilities


You were on level 4 of the Dungeon.
You were very hungry.

You visited 1 branch of the dungeon, and saw 4 of its levels.

You collected 149 gold pieces.


Innate Abilities, Weirdness & Mutations

You reflexively headbutt those who attack you in melee.
You have a pair of horns on your head.


   Skills:
 - Level 3.2 Fighting
 * Level 6.0 Bows
 - Level 3.3 Armour
 - Level 2.1 Dodging
 + Level 1.1 Spellcasting
 + Level 2.1 Hexes
 + Level 0.3 Translocations


You had one spell level left.
You knew the following spells:

 Your Spells              Type           Power        Failure   Level  Hunger
a - Corona                Hex            #......      11%         1    ##.....
b - Slow                  Hex            #.......     17%         2    ###....
c - Portal Projectile     Hex/Tloc       #.....       43%         3    ####...

Inventory:

Hand Weapons
 a - a +0 hand axe (weapon)
 b - a +0 shortbow
Missiles
 v - 5 tomahawks (quivered)
Armour
 e - a +0 pair of gloves (worn)
 r - a +0 leather armour (worn)
 t - a +0 cloak (worn)
Jewellery
 m - an uncursed ring of protection from fire
 n - a +5 ring of intelligence (left hand)
 u - a +5 ring of protection (right hand)
Scrolls
 h - 3 scrolls of teleportation
 i - a scroll of noise {unknown}
 q - a scroll of remove curse
Potions
 g - a potion of flight {unknown}
 j - a potion of mutation {!q}
 k - 4 potions of curing
 o - 4 potions of lignification {!q}
 p - a potion of invisibility
 s - a potion of magic {unknown}
Comestibles
 f - 9 rations
 l - a chunk of flesh {@w1}

Dungeon Overview and Level Annotations

Branches:
Dungeon (4/15)
 Temple: D:4-7

Altars:
Elyvilon
Fedhas
Gozag
Hepliaklqana
Nemelex Xobeh
Ru

Annotations:
D:4 Edmund

#.#
###...##.####.#
#.# ######.#
#.# #.# #.# #.#
#.# #.# #.# #.#
#.# .#
#(############
#(##.@@.......
#....#########
######


You could see Edmund.


Message History

You hit Edmund but do no damage.
Edmund is moderately wounded.
Edmund hits you with a dire flail of protection!
* * * LOW HITPOINT WARNING * * *
You hit Edmund.
Edmund is heavily wounded.
Edmund closely misses you.
You slash Edmund!
Edmund is heavily wounded.
You are feeling very hungry.
You hit Edmund but do no damage.
Edmund is heavily wounded.
Edmund hits you with a dire flail of protection!
* * * LOW HITPOINT WARNING * * *
You slash Edmund!
Edmund is severely wounded.
Edmund hits you with a dire flail of protection.
* * * LOW HITPOINT WARNING * * *
You are too injured to fight recklessly!
You are too injured to fight recklessly!
You barely miss Edmund.
Edmund is severely wounded.
Edmund hits you but does no damage.
You hit Edmund but do no damage. You headbutt Edmund.
Edmund is severely wounded.
You are no longer berserk.
You pass out from exhaustion.
You feel yourself slow down.
Edmund hits you with a dire flail of protection.
You die...

Action                   |  1- 3 |  4- 6 || total
-------------------------+-------+-------++-------
Melee: Unarmed           |    37 |       ||    37
       Club              |    81 |     8 ||    89
       Headbutt          |    16 |    25 ||    41
       Short sword       |       |    74 ||    74
       Hand axe          |       |    60 ||    60
 Fire: Shortbow          |    47 |    42 ||    89
 Cast: Corona            |     1 |     6 ||     7
       Slow              |       |    12 ||    12
  Use: Scroll            |     8 |     6 ||    14
       Potion            |       |     3 ||     3
 Stab: Sleeping          |     1 |       ||     1
  Eat: Chunk             |     3 |     8 ||    11
Armor: Robe              |     4 |       ||     4
       Leather armour    |    14 |    67 ||    81
       Skin              |       |     5 ||     5
Dodge: Dodged            |    70 |    97 ||   167

Vault maps used:
D:1:      nzn_arrival_depleted_hourglass, serial_bayou, serial_bayou_ford_a,
          serial_bayou_shore_a, serial_bayou_pond_e, serial_bayou_pond_a
D:2:      grunt_temple_overflow_open, dk_noncrumbling_4,
          roderic_serpentine_path, minmay_tromino_i4
D:3:      nicolae_ru_sacrificial_ziggurat, uniq_grinder
D:4:      minmay_wonky_spiral, first_ration, uniq_edmund, uniq_natasha

Notes
Turn   | Place    | Note
-------+----------+-------------------------------------------
     0 | D:1      | puppykicker the Minotaur Arcane Marksman began the quest for the Orb.
     0 | D:1      | Reached XP level 1. HP: 16/16 MP: 1/1
    86 | D:1      | Reached skill level 2 in Fighting
    96 | D:1      | Reached XP level 2. HP: 24/24 MP: 2/2
   585 | D:1      | Learned a level 2 spell: Slow
   591 | D:1      | Reached skill level 3 in Bows
   777 | D:1      | Reached XP level 3. HP: 30/30 MP: 3/3
  1170 | D:2      | Reached skill level 3 in Fighting
  1562 | D:2      | Found an opulent altar of Gozag.
  1568 | D:2      | Found a blossoming altar of Fedhas.
  1569 | D:2      | Found a white marble altar of Elyvilon.
  1569 | D:2      | Found a sparkling altar of Nemelex Xobeh.
  1569 | D:2      | Found a hazy altar of Hepliaklqana.
  1711 | D:2      | Reached XP level 4. HP: 38/38 MP: 4/4
  1913 | D:2      | Reached skill level 1 in Armour
  2038 | D:3      | Noticed Grinder
  2072 | D:3      | Found a sacrificial altar of Ru.
  2430 | D:3      | Reached skill level 4 in Bows
  3311 | D:3      | Paralysed by Grinder for 4 turns
  3326 | D:3      | Paralysed by Grinder for 4 turns
  3339 | D:3      | Paralysed by Grinder for 6 turns
  3346 | D:3      | Killed Grinder
  3346 | D:3      | Reached skill level 5 in Bows
  3346 | D:3      | Reached skill level 3 in Armour
  3346 | D:3      | Reached XP level 5. HP: 29/45 MP: 2/5
  3346 | D:3      | Reached XP level 6. HP: 33/51 MP: 2/6
  3351 | D:3      | Learned a level 3 spell: Portal Projectile
  3564 | D:4      | Identified the Almanac of Dislocated Conjuration
  3960 | D:4      | Reached skill level 6 in Bows
  4043 | D:4      | Noticed Edmund
  4160 | D:4      | HP: 5/76 [Edmund/dire flail of protection (6)]
  4163 | D:4      | Slain by Edmund

Vanquished Creatures
  Grinder (D:3)
  A howler monkey (D:4)
  A worker ant (D:4)
  4 adders
  3 oozes
  3 worms
  2 dart slugs
  3 leopard geckos
  7 orcs
  3 giant cockroaches
  5 goblins
  10 hobgoblins
  4 jackals (D:2)
  2 quokkas
  9 bats
  8 frilled lizards
  6 kobolds
  8 rats
80 creatures vanquished.
